Map: [ESL] Goldenaura

Players

ShoWTimE - Winner!

  • Race: Protoss Protoss
  • League: Master
  • Spawn Location: 12:00

SKillous

  • Race: Protoss Protoss
  • League: Grandmaster
  • Spawn Location: 5:00

Event: HomeStory Cup XXIV

VOD

Have the link to the VOD?

Description

Time

  • Played on: Dec. 2, 2023, 9:19 a.m.
  • Length: 10:21

All games in this series

Show
View Real Time Build Order
Export as new Build Order

ShoWTimE Protoss - Winner!

Build Orders: Phoenix Opening, Blink Stalkers 

Get SALT Encoding   

  12  0:00  Probe  
  13  0:12  Probe  
  14  0:16  Pylon  
  14  0:24  Probe (Chrono Boost)  
  15  0:36  Gateway, Probe (Chrono Boost)  
  16  0:44  Probe (Chrono Boost)  
  16  0:45  Assimilator  
  17  0:51  Probe  
  17  0:54  Assimilator  
  18  1:03  Probe (Chrono Boost)  
  19  1:08  Gateway  
  19  1:13  Probe (Chrono Boost)  
  19  1:17  Probe (Chrono Boost)  
  20  1:24  Cybernetics Core  
  21  1:29  Probe  
  22  1:34  Pylon  
  22  1:41  Probe  
  23  1:53  Probe  
  24  2:00  Stalker x2  
  28  2:02  Warp Gate  
  28  2:14  Pylon  
  28  2:29  Pylon  
  28  2:30  Sentry  
  28  2:32  Sentry  
  32  2:45  Nexus  
  32  2:47  Probe  
  33  2:56  Twilight Council  
  33  3:02  Shield Battery  
  33  3:05  Phoenix, Probe  
  34  3:11  Sentry  
  36  3:15  Pylon  
  36  3:18  Probe (Chrono Boost)  
  37  3:26  Blink (Chrono Boost)  
  37  3:29  Probe (Chrono Boost)  
  37  3:34  Probe (Chrono Boost)  
  39  3:44  Probe  
  40  3:48  Phoenix  
  40  3:51  Adept x2  
  44  3:56  Probe  
  44  3:58  Probe  
  46  4:08  Probe  
  47  4:10  Probe  
  47  4:11  Stalker  
  47  4:12  Stalker  
  52  4:20  Phoenix, Probe  
  52  4:22  Probe  
  54  4:32  Probe  
  54  4:34  Probe  
  54  4:35  Pylon  
  54  4:36  Stalker  
  54  4:37  Stalker  
  56  4:45  Probe  
  57  4:46  Probe  
  58  4:52  Nexus  
  58  4:56  Shield Battery  
  58  5:03  Stalker x2  
  58  5:06  Probe x2  
  64  5:10  Assimilator  
  64  5:14  Forge  
  64  5:18  Pylon  
  64  5:21  Probe x2  
  66  5:23  Phoenix  
  66  5:27  Stalker x2  
  70  5:35  Protoss Ground Weapons Level 1 (Chrono Boost), Pylon  
  70  5:36  Probe x2  
  70  5:39  Robotics Facility  
  72  5:48  Probe x2 (Chrono Boost)  
  74  5:59  Probe x2 (Chrono Boost)  
  74  6:00  Gateway  
  74  6:01  Gateway  
  76  6:04  Probe (Chrono Boost)  
  76  6:05  Charge  
  76  6:07  Probe x2 (Chrono Boost)  
  76  6:09  Phoenix  
  79  6:14  Probe (Chrono Boost)  
  79  6:17  Probe x2 (Chrono Boost)  
  79  6:18  Gateway  
  82  6:19  Probe (Chrono Boost)  
  82  6:21  Gateway  
  82  6:24  Gateway  
  83  6:28  Gateway, Observer  
  83  6:32  Probe  
  85  6:37  Phoenix  
  85  6:40  Pylon  
  85  6:41  Nexus  
  85  6:51  Pylon  
  85  6:52  Warp Prism (Chrono Boost)  
  87  6:57  Zealot x3  
  93  7:06  Zealot  
  96  7:08  Pylon, Probe x3  
  96  7:15  Phoenix  
  98  7:16  Pylon  
  98  7:19  Zealot x6  
  110  7:24  Protoss Ground Weapons Level 2 (Chrono Boost)  
  110  7:25  Stalker  
  110  7:28  Stalker  
  114  7:34  Pylon  
  114  7:43  Zealot  
  114  7:44  Zealot x3  
  120  7:50  Zealot x3  
  128  7:52  Probe x2  
  130  7:59  Zealot  
  130  8:01  Pylon  
  132  8:10  Zealot x7  
  146  8:13  Pylon  
  146  8:21  Zealot  
  146  8:23  Pylon  
  146  8:25  Probe x3  
  151  8:33  Pylon  
  151  8:35  Stalker x6  
  163  8:46  Probe  
  162  8:48  Zealot x2  
  162  8:53  Nexus  
  150  8:59  Zealot x5  
  138  9:07  Zealot  
  124  9:15  Zealot x2  
  120  9:19  Gateway  
  120  9:21  Gateway  
  120  9:22  Zealot x5  
  120  9:34  Zealot  
  119  9:45  Zealot x6  
  123  9:53  Pylon  
  123  9:59  Probe x4  
  126  10:04  Observer (Chrono Boost)  
  127  10:09  Stalker x8  
  143  10:16  Zealot x2  
Show
View Real Time Build Order
Export as new Build Order

SKillous Protoss 

Build Orders: Blink Stalkers 

Get SALT Encoding   

  12  0:00  Probe  
  13  0:12  Probe  
  14  0:17  Pylon  
  14  0:24  Probe (Chrono Boost)  
  15  0:36  Probe (Chrono Boost)  
  15  0:37  Gateway  
  16  0:45  Probe (Chrono Boost)  
  16  0:46  Assimilator  
  17  0:50  Probe  
  17  0:55  Assimilator  
  18  1:03  Probe (Chrono Boost)  
  19  1:07  Gateway  
  19  1:13  Probe (Chrono Boost)  
  19  1:18  Probe (Chrono Boost)  
  20  1:24  Cybernetics Core  
  21  1:29  Probe  
  22  1:34  Pylon  
  22  1:41  Probe  
  23  1:53  Probe  
  24  2:00  Sentry, Stalker  
  24  2:01  Warp Gate  
  28  2:11  Pylon  
  28  2:21  Shield Battery  
  28  2:29  Stalker  
  30  2:31  Probe  
  31  2:43  Probe  
  32  2:46  Nexus  
  32  2:49  Sentry  
  33  2:55  Shield Battery  
  34  2:58  Probe  
  34  3:01  Sentry  
  36  3:11  Twilight Council  
  36  3:14  Probe  
  37  3:23  Pylon  
  37  3:27  Probe  
  38  3:39  Probe  
  38  3:40  Blink (Chrono Boost)  
  39  3:48  Stalker  
  39  3:52  Probe (Chrono Boost)  
  42  3:56  Stalker  
  42  3:59  Probe (Chrono Boost)  
  45  4:08  Probe x2 (Chrono Boost)  
  47  4:12  Stalker  
  47  4:13  Probe (Chrono Boost)  
  47  4:15  Probe  
  51  4:25  Stalker, Probe  
  51  4:27  Probe  
  51  4:31  Shield Battery  
  53  4:37  Probe  
  52  4:39  Probe  
  52  4:41  Stalker  
  55  4:48  Stalker  
  55  4:50  Probe  
  55  4:51  Probe  
  59  4:56  Pylon  
  59  4:58  Nexus  
  59  5:02  Probe  
  59  5:03  Probe  
  61  5:14  Probe  
  62  5:15  Probe  
  63  5:22  Forge  
  63  5:26  Shield Battery, Probe  
  64  5:28  Stalker x2  
  64  5:30  Probe  
  64  5:31  Pylon  
  64  5:35  Charge  
  69  5:38  Probe (Chrono Boost)  
  70  5:45  Protoss Ground Weapons Level 1 (Chrono Boost)  
  71  5:50  Robotics Facility, Probe (Chrono Boost)  
  71  5:54  Probe (Chrono Boost)  
  72  5:59  Nexus  
  72  6:02  Probe x2 (Chrono Boost)  
  74  6:11  Probe  
  75  6:12  Probe  
  75  6:13  Probe  
  77  6:21  Pylon  
  77  6:23  Probe  
  77  6:24  Probe  
  79  6:25  Gateway  
  79  6:26  Probe  
  79  6:28  Gateway  
  79  6:31  Gateway  
  80  6:34  Gateway  
  80  6:35  Probe  
  80  6:36  Probe  
  80  6:38  Observer  
  84  6:40  Probe  
  84  6:44  Gateway  
  84  6:47  Gateway  
  84  6:50  Probe x2  
  84  6:52  Probe  
  87  6:54  Shield Battery  
  87  6:55  Pylon  
  87  7:01  Warp Prism  
  87  7:02  Probe x2  
  87  7:04  Probe  
  92  7:11  Probe  
  92  7:12  Stalker x2  
  92  7:14  Pylon, Probe x2  
  99  7:16  Probe  
  100  7:24  Stalker x2  
  104  7:31  Gateway, Probe x3  
  104  7:32  Gateway, Probe  
  104  7:33  Pylon  
  108  7:38  Stalker x3  
  108  7:44  Zealot x3  
  120  7:50  Observer  
  121  7:54  Stalker x2  
  121  7:57  Pylon x2  
  124  8:04  Photon Cannon  
  122  8:13  Stalker x3  
  122  8:16  Zealot x3  
  122  8:17  Zealot x2  
  136  8:24  Shield Battery  
  136  8:31  Nexus  
  136  8:32  Pylon  
  136  8:36  Stalker x2  
  136  8:41  Pylon  
  139  8:42  Zealot x4  
  141  8:48  Zealot x3  
  141  8:49  Zealot  
  125  8:59  Probe  
  125  9:01  Gateway x2  
  125  9:02  Zealot x5  
  122  9:03  Zealot  
  114  9:12  Zealot x3  
  114  9:16  Shield Battery  
  106  9:20  Zealot  
  106  9:23  Zealot x2  
  106  9:24  Zealot x2  
  94  9:27  Zealot  
  92  9:44  Stalker x5  
  92  9:45  Stalker  
  90  9:46  Stalker  
  90  9:52  Stalker, Zealot  
  93  9:56  Stalker  
  95  10:03  Zealot x2  
  99  10:09  Zealot x3  
Tags
 
Add a new tag
Caveats
  • Supply blocks, unpowered buildings, or Contaminate may cause inaccurate times.
  • Supply counts are checked every 10 seconds.